 Dungeon Crawl Stone Soup version 0.20-a0-517-g5f97612 (webtiles) character file.

115 Duffy the Skirmisher (level 5, -8/28 HPs)
             Began as a Vine Stalker Fighter on Jan 25, 2017.
             Killed by divine providence
             ... invoked by an orc priest
              (10 damage)
             ... on level 3 of the Dungeon.
             The game lasted 00:01:56 (1733 turns).

Duffy the Skirmisher (Vine Stalker Fighter)         Turns: 1733, Time: 00:01:56

Health: -8/28      AC: 10    Str: 23    XL:     5   Next: 0%
Magic:  0/6        EV:  5    Int:  8    God:
Gold:   99         SH:  9    Dex: 13    Spells: 4/4 levels left

rFire    . . .     SeeInvis .   a - +2 flail (drain)
rCold    . . .     Gourm    +   t - +0 chain mail
rNeg     . . .     Faith    .   c - +0 shield
rPois    .         Spirit   +   (no helmet)
rElec    .         Reflect  .   x - +0 cloak
rCorr    +         Harm     .   (no gloves)
MR       .....                  (no boots)
Stlth    ..........             h - amulet of the gourmand
Regen    0.5/turn               m - ring of resist corrosion
                                k - +3 ring of strength

@: drained
A: fangs 2, regeneration 1, magic shield, antimagic bite, no potion heal 3, rot
immunity
a: no special abilities


You were on level 3 of the Dungeon.
You were completely stuffed.

You visited 1 branch of the dungeon, and saw 3 of its levels.

You collected 99 gold pieces.

Inventory:

Hand Weapons
 a - a +2 flail of draining (weapon)
Armour
 c - a +0 shield (worn)
 t - a +0 chain mail (worn)
 x - a +0 cloak (worn)
Jewellery
 b - an uncursed amulet of inaccuracy
 h - an amulet of the gourmand (around neck)
 k - a +3 ring of strength (left hand)
 m - a ring of resist corrosion (right hand)
Wands
 y - a wand of iceblast (8/15)
Scrolls
 i - 2 scrolls of noise {unknown}
 j - a scroll of amnesia {unknown}
 l - 2 scrolls of remove curse
 n - a scroll of fear {unknown}
 o - 2 scrolls of fog {unknown}
 q - 2 scrolls of teleportation {unknown}
 r - a scroll of immolation {unknown}
 u - a scroll of enchant armour {unknown}
Potions
 d - a potion of might
 e - 2 potions of flight {unknown}
 g - a potion of berserk rage {unknown}
 p - 2 potions of curing {unknown}
 s - a potion of heal wounds {unknown}
Comestibles
 f - a bread ration
 v - 4 chunks of flesh
 w - a royal jelly
 z - 2 fruits


   Skills:
 + Level 3.4(2.9) Fighting
 * Level 3.0(2.5) Maces & Flails
 + Level 2.9(2.5) Armour
 + Level 3.2(2.7) Shields


You had 4 spell levels left.
You didn't know any spells.

Dungeon Overview and Level Annotations

Branches:
Dungeon (3/15)

Altars:


Innate Abilities, Weirdness & Mutations

You have extremely sharp teeth.
Your natural rate of healing is unusually fast.
When hurt, damage is shared between your health and your magic reserves.
Your bite disrupts and absorbs the magic of your enemies.
Potions cannot restore your health.
You are immune to rotting.


Message History

The orc shouts!
You sock the orc!
You kill the orc!
The orc priest calls down the wrath of Beogh upon you.
Beogh smites you!
Ouch! That really hurt!
The orc moves out of view.
The orc hits you but does no damage.
The orc priest invokes the aid of Beogh against you.
Beogh smites you!
Ouch! That really hurt!
Okay, then.
Okay, then.
You hit the orc. You drain the orc!
You kill the orc!
You have reached level 5!
You hit the orc priest. You drain the orc priest!
The orc priest is heavily wounded.
The orc priest mumbles some strange prayers to Beogh against you.
Beogh smites you!
You die...

### #.# #.#######
## #...%...# ..
#.#####.#
#.###########.# #.#
#ooo@.........# #.#
#.....#############
#.# #.... #.# #...
#.# #.. #.# ## #.
## #.. .# # ... #
#### .######### .
....#.#...
.........#####..
.#.......#.##


You could see an orc priest and 2 orcs.

Vanquished Creatures
  Terence (D:2)
  A worker ant zombie (D:2)
  2 adders
  An adder skeleton (D:2)
  2 dart slugs
  2 orcs (D:3)
  4 bats
  2 giant cockroaches (D:2)
  8 goblins
  4 hobgoblins
  5 jackals (D:1)
  A quokka (D:2)
  4 frilled lizards
  A giant cockroach zombie (D:2)
  A jackal skeleton (D:2)
  6 kobolds
  A leopard gecko zombie (D:2)
  7 rats
53 creatures vanquished.

Vanquished Creatures (others)
  5 toadstools (D:1)
5 creatures vanquished.

Grand Total: 58 creatures vanquished

Notes
Turn   | Place    | Note
-------+----------+-------------------------------------------
     0 | D:1      | Duffy the Vine Stalker Fighter began the quest for the Orb.
     0 | D:1      | Reached XP level 1. HP: 11/11 MP: 2/2
    86 | D:1      | Reached XP level 2. HP: 16/16 MP: 3/3
   480 | D:1      | Reached XP level 3. HP: 20/20 MP: 4/4
   940 | D:2      | Noticed Terence
   947 | D:2      | Killed Terence
   947 | D:2      | Gained mutation: Your natural rate of healing is unusually fast. [Vine Stalker growth]
   947 | D:2      | Reached XP level 4. HP: 18/24 MP: 2/5
  1731 | D:3      | HP: 1/24 [orc priest/divine providence (12)]
  1732 | D:3      | Reached XP level 5. HP: 1/28 MP: 1/6
  1733 | D:3      | Killed from afar by an orc priest

Vault maps used:
D:1:      ldierk_walled_garden
D:2:      serial_undead, serial_undead_f, serial_undead_b, serial_undead_a,
          serial_undead_d, uniq_terence

Skill      XL: |  1  2  3  4 |
---------------+-------------+-----
Maces & Flails | 2 3 |  3.0
Fighting       | 3 |  3.4
Shields        | 3 |  3.2
Armour         | |  2.9

Action                   |  1- 3 |  4- 6 || total
-------------------------+-------+-------++-------
Melee: Flail             |    95 |    42 ||   137
       Bite              |    24 |    11 ||    35
  Use: Scroll            |       |     1 ||     1
  Eat: Chunk             |    14 |     5 ||    19
Armor: Scale mail        |    60 |       ||    60
       Chain mail        |       |    17 ||    17
Dodge: Dodged            |    34 |     5 ||    39
Block: Shield            |    56 |    14 ||    70
